[Event "Titled Tuesday Blitz January 03 Late 2023"]
[White "Fishbein, Mitch"]
[Black "Korchmar, Vasiliy"]
[WhiteFideId "30922917"]
[BlackFideId "24131750"]
[WhiteElo "2120"]
[BlackElo "2438"]
[Result "0-1"]
[Round "07"]
[TimeControl "180+2"]
[Date "2023.01.03"]
[WhiteClock "0:00:05"]
[BlackClock "0:01:22"]

1. d4 Nf6 2. c4 g6 3. Nc3 d5 4. Nf3 Bg7 5. Bg5 dxc4 6. e3 b5 7. a4 b4 8. Nb1 c5 9. Bxc4 cxd4 10. exd4 Ba6 11. Bxa6 Nxa6 12. O-O Nc7 13. Nbd2 O-O 14. Nc4 Ne6 15. Bxf6 Bxf6 16. d5 Nf4 17. Ne3 Bxb2 18. Rb1 Bc3 19. g3 Nh5 20. Qd3 Nf6 21. Rfd1 Qa5 22. Nd4 Qxa4 23. Nc6 Rfe8 24. Qc4 a5 25. h4 h5 26. Kg2 Kg7 27. Qc5 Qa2 28. Qc4 Qa4 29. Qc5 Qa2 30. Qc4 Qxc4 31. Nxc4 a4 32. Nxb4 Reb8 33. Nc6 Rxb1 34. Rxb1 Nxd5 35. Rd1 e6 36. Nd4 Bxd4 37. Rxd4 a3 38. Nd2 a2 39. Nb3 Rb8 40. Na1 Rb1 41. Nc2 a1=Q 42. Nxa1 Rxa1 43. Kf3 Ra3+ 44. Kg2 Ra2 45. Rxd5 exd5 0-1


[Site "https://www.chess.com"]

[Event "Titled Tuesday Blitz January 03 Late 2023"]
[White "Garcia Ramos, Daniel"]
[Black "Jovic, Stanoje"]
[WhiteFideId "32010311"]
[BlackFideId "905020"]
[WhiteElo "2442"]
[BlackElo "2075"]
[Result "1-0"]
[Round "07"]
[TimeControl "180+2"]
[Date "2023.01.03"]
[WhiteClock "0:00:52"]
[BlackClock "0:00:35"]

1. e4 c6 2. d4 d5 3. Nc3 dxe4 4. Nxe4 Nf6 5. Nxf6+ exf6 6. c3 Bd6 7. Bd3 O-O 8. Ne2 Qc7 9. Qc2 h6 10. h3 c5 11. O-O c4 12. Be4 Nc6 13. Re1 b5 14. Bf4 Bb7 15. Bxd6 Qxd6 16. Ng3 Rfe8 17. Qd2 Qc7 18. Nf5 Rad8 19. Nxh6+ gxh6 20. Qxh6 Rxe4 21. Rxe4 Ne7 22. Rg4+ Ng6 23. h4 Qd7 24. Rg3 Be4 25. h5 Qf5 26. Re1 Re8 27. hxg6 fxg6 28. f3 1-0


[Site "https://www.chess.com"]

[Event "Titled Tuesday Blitz January 03 Late 2023"]
[White "Khandelwal, Ankush"]
[Black "Vlassov, Nikolai"]
[WhiteFideId "413470"]
[BlackFideId "4103360"]
[WhiteElo "2205"]
[BlackElo "2283"]
[Result "0-1"]
[Round "07"]
[TimeControl "180+2"]
[Date "2023.01.03"]
[WhiteClock "0:00:25"]
[BlackClock "0:01:39"]

1. e4 Nc6 2. Nf3 d5 3. exd5 Qxd5 4. Nc3 Qa5 5. d4 Bg4 6. Bb5 O-O-O 7. Bxc6 bxc6 8. h3 Qh5 9. Qe2 Bxf3 10. gxf3 e6 11. Qa6+ Kd7 12. Be3 Qxf3 13. Rg1 Bd6 14. Rd1 Ne7 15. Na4 Nf5 16. Bg5 f6 17. Bc1 Qxh3 18. Nc5+ Bxc5 19. dxc5+ Ke7 20. Rxd8 Rxd8 21. Qxc6 Qh2 22. Rg2 Qh1+ 23. Ke2 Qd1# 0-1


[Site "https://www.chess.com"]

[Event "Titled Tuesday Blitz January 03 Late 2023"]
[White "Gascon Del Nogal, Jose Rafael"]
[Black "Keller, Peter"]
[WhiteFideId "3902463"]
[BlackFideId "1272105"]
[WhiteElo "2459"]
[BlackElo "2358"]
[Result "1-0"]
[Round "07"]
[TimeControl "180+2"]
[Date "2023.01.03"]
[WhiteClock "0:00:58"]
[BlackClock "0:00:17"]

1. e4 e5 2. Nf3 Nc6 3. d4 exd4 4. Bc4 Nf6 5. e5 d5 6. Bb5 Ne4 7. Nxd4 Bc5 8. Be3 O-O 9. Nxc6 bxc6 10. Bxc5 Nxc5 11. Bxc6 Rb8 12. Qxd5 Qxd5 13. Bxd5 Rxb2 14. Na3 Re8 15. O-O-O Rb4 16. Rhe1 Bf5 17. Bb3 a5 18. Rd5 Nxb3+ 19. axb3 a4 20. Rb5 Rxb5 21. Nxb5 axb3 22. cxb3 Rb8 23. Nd4 Be6 24. Kb2 Kf8 25. Rc1 Rb7 26. Rd1 Ke7 27. Nc6+ Ke8 28. Rd8# 1-0


[Site "https://www.chess.com"]

[Event "Titled Tuesday Blitz January 03 Late 2023"]
[White "Karas, Marek"]
[Black "Papp, Levente"]
[WhiteFideId "14928558"]
[BlackFideId "751243"]
[WhiteElo "2227"]
[BlackElo "2353"]
[Result "1/2-1/2"]
[Round "07"]
[TimeControl "180+2"]
[Date "2023.01.03"]
[WhiteClock "0:00:19"]
[BlackClock "0:00:05"]

1. e4 e6 2. d4 d5 3. Bd3 Be7 4. Nc3 c5 5. dxc5 Nf6 6. exd5 exd5 7. Nf3 O-O 8. O-O h6 9. Be3 Bg4 10. h3 Bxf3 11. Qxf3 d4 12. Qxb7 dxe3 13. Qxa8 exf2+ 14. Kh1 Bxc5 15. Qf3 Nbd7 16. Rad1 Qc7 17. Nd5 Nxd5 18. Qxd5 Nf6 19. Qf5 Re8 20. Rxf2 Bxf2 21. Qxf2 a5 22. Re1 Rb8 23. Qe3 Qd6 24. b3 Qb4 25. c3 Qf8 26. Qe7 Qc8 27. Bc4 Rb7 28. Bxf7+ Kh7 29. Qe6 Qc5 30. Qc4 Qg5 31. Qd3+ g6 32. Bc4 Nh5 33. Qf3 Rg7 34. Qe3 Ng3+ 35. Kg1 Qh4 36. Rd1 Nf5 37. Qf2 Qf6 38. g4 Qxc3 39. gxf5 gxf5+ 40. Kh2 Qe5+ 41. Kh1 Qe4+ 42. Kh2 Qe5+ 43. Kh1 Qe4+ 44. Kh2 Qe5+ 1/2-1/2


[Site "https://www.chess.com"]

[Event "Titled Tuesday Blitz January 03 Late 2023"]
[White "Kuegel, Tobias"]
[Black "Espinosa, Pedro"]
[WhiteFideId "4636295"]
[BlackFideId "30921066"]
[WhiteElo "2332"]
[BlackElo "2229"]
[Result "0-1"]
[Round "07"]
[TimeControl "180+2"]
[Date "2023.01.03"]
[WhiteClock "0:00:34"]
[BlackClock "0:00:13"]

1. e4 c5 2. Nf3 d6 3. d4 cxd4 4. Nxd4 Nf6 5. f3 Nc6 6. c4 e6 7. Nc3 Be7 8. Be3 O-O 9. Be2 d5 10. cxd5 exd5 11. Nxc6 bxc6 12. exd5 cxd5 13. O-O Be6 14. Qd2 Qd7 15. Bd4 h6 16. Rad1 Rfd8 17. Rfe1 Rac8 18. Ba6 Rb8 19. Bf1 Rbc8 20. Ba6 Rb8 21. Bf1 Qb7 22. a3 a5 23. Na4 Qb3 24. Nc5 Bxc5 25. Bxc5 Qxb2 26. Qxa5 Qa2 27. Qd2 Rb2 28. Qf4 Rc8 29. Bd4 Rbc2 30. Bxf6 gxf6 31. Qxf6 Qxa3 32. Rxe6 fxe6 33. Qxe6+ Kg7 34. Qe7+ Qxe7 0-1


[Site "https://www.chess.com"]

[Event "Titled Tuesday Blitz January 03 Late 2023"]
[White "Strahov, Andrej"]
[Black "De La Colina, Nicolas"]
[WhiteFideId "4165489"]
[BlackFideId "30946921"]
[WhiteElo "2398"]
[BlackElo "2244"]
[Result "0-1"]
[Round "07"]
[TimeControl "180+2"]
[Date "2023.01.03"]
[WhiteClock "0:00:01"]
[BlackClock "0:00:13"]

1. d4 Nf6 2. Nc3 d5 3. Bf4 c5 4. e3 cxd4 5. exd4 a6 6. Nf3 Nc6 7. Ne5 e6 8. Nxc6 bxc6 9. Na4 Nd7 10. Bd3 c5 11. c4 cxd4 12. O-O Be7 13. cxd5 e5 14. Re1 f6 15. Qh5+ Kf8 16. Bd2 Bb7 17. f4 Bxd5 18. fxe5 Nxe5 19. Rxe5 fxe5 20. Rf1+ Bf6 21. Qxe5 Bf7 22. Bb4+ Kg8 23. Qe4 Qe8 24. Qf3 Rb8 25. Bd6 Rd8 26. Bc7 Rc8 27. Qb7 Qd7 28. Bf5 Rxc7 29. Qb8+ Qd8 30. Qb4 Re7 31. Rc1 Be6 32. Nc5 Bxf5 33. Qb3+ Kf8 34. Rf1 Qc8 35. g4 Qxc5 36. Rxf5 Qc1+ 37. Kf2 Qe3+ 38. Kg2 Qxb3 0-1


[Site "https://www.chess.com"]

[Event "Titled Tuesday Blitz January 03 Late 2023"]
[White "Yeritsyan, Hayk"]
[Black "Krsnik Cohar, Ivan Vihor"]
[WhiteFideId "13307320"]
[BlackFideId "14520044"]
[WhiteElo "2241"]
[BlackElo "2336"]
[Result "1-0"]
[Round "07"]
[TimeControl "180+2"]
[Date "2023.01.03"]
[WhiteClock "0:00:58"]
[BlackClock "0:00:02"]

1. d4 Nf6 2. Nf3 e6 3. e3 c5 4. Bd3 Nc6 5. c3 d5 6. Nbd2 Bd6 7. Qe2 O-O 8. O-O e5 9. dxc5 Bxc5 10. e4 d4 11. Nb3 Bb6 12. cxd4 Nxd4 13. Nfxd4 Bxd4 14. Nxd4 Qxd4 15. Be3 Qa4 16. f3 Be6 17. Bd2 Nd7 18. Bc3 Qc6 19. Kh1 f6 20. Rfd1 Rfd8 21. Rac1 Rac8 22. a3 a6 23. h3 Qb6 24. Qe1 Nc5 25. Ba5 Nxd3 26. Bxb6 Nxe1 27. Rxd8+ Rxd8 28. Bxd8 Nd3 29. Rc7 b5 30. Ra7 Nxb2 31. Rxa6 Bc4 32. Ra7 h5 33. Ba5 Kh7 34. Bb4 Kg8 35. Kg1 Nd3 36. Kh2 Nc1 37. Kg3 Ne2+ 38. Kf2 Nf4 39. Rc7 Nd3+ 40. Ke3 Nf4 41. g3 Nd3 42. Bc3 Nc1 43. a4 Na2 44. Bd2 1-0


[Site "https://www.chess.com"]

[Event "Titled Tuesday Blitz January 03 Late 2023"]
[White "Manukian, Artak"]
[Black "Ehlvest, Jaan"]
[WhiteFideId "13301373"]
[BlackFideId "4500016"]
[WhiteElo "2196"]
[BlackElo "2530"]
[Result "1-0"]
[Round "07"]
[TimeControl "180+2"]
[Date "2023.01.03"]
[WhiteClock "0:00:33"]
[BlackClock "0:00:02"]

1. e4 c5 2. Nf3 Nc6 3. c3 g5 4. Nxg5 d5 5. d3 Nf6 6. Qe2 h6 7. Nf3 Bg4 8. Nbd2 Bg7 9. h3 Bh5 10. g4 Bg6 11. Nh4 Qc7 12. Bg2 O-O-O 13. Nxg6 fxg6 14. exd5 Nxd5 15. Qe6+ Kb8 16. Bxd5 Ne5 17. Be4 Rd6 18. Qb3 Nxd3+ 19. Bxd3 Rxd3 20. Ke2 Rhd8 21. Qc4 Qc6 22. f3 Bf6 23. Ne4 Be5 24. Be3 b6 25. Rad1 1-0


[Site "https://www.chess.com"]

[Event "Titled Tuesday Blitz January 03 Late 2023"]
[White "Omelja, Artem"]
[Black "Quinones Garcia, Santiago"]
[WhiteFideId "14119846"]
[BlackFideId "4408497"]
[WhiteElo "2446"]
[BlackElo "2248"]
[Result "1-0"]
[Round "07"]
[TimeControl "180+2"]
[Date "2023.01.03"]
[WhiteClock "0:00:04"]
[BlackClock "0:00:04"]

1. d4 Nf6 2. c4 e6 3. Nf3 c5 4. d5 b5 5. dxe6 fxe6 6. cxb5 d5 7. e3 Bb7 8. Nc3 Bd6 9. Be2 Nbd7 10. O-O O-O 11. b3 e5 12. Bb2 Qc7 13. Rc1 e4 14. Ng5 Bxh2+ 15. Kh1 Rae8 16. Na4 Be5 17. Ba3 Bd6 18. Qc2 h6 19. Nh3 Rc8 20. Rfd1 Qd8 21. Qd2 Qe7 22. g3 d4 23. Bc4+ Kh7 24. Nf4 g5 25. Ne6 Ng4 26. Nxf8+ Rxf8 27. Rf1 Qe8 28. Kg2 Qh5 29. Rh1 Nxe3+ 30. Qxe3 Qxh1+ 31. Rxh1 dxe3 32. fxe3 Rf3 33. Be6 Rxg3+ 34. Kf2 Rf3+ 35. Ke2 Ne5 36. Bxc5 Bb8 37. Bd4 Nd3 38. Rf1 Rxf1 39. Kxf1 Nc1 40. Nc3 a6 41. bxa6 Bxa6+ 42. Kg2 Bb7 43. a4 h5 44. b4 h4 45. Bf5+ Kh6 46. Nxe4 Ne2 47. Kh3 Nxd4 48. exd4 Kh5 49. Nf6+ Kh6 50. Ng4+ Kh5 51. a5 Bc6 52. Be6 Kg6 53. Bc4 Kf5 54. Bd3+ Kf4 55. b5 Bd7 56. Be2 Bc7 57. b6 Bb8 58. a6 Bc8 59. a7 Bxa7 60. bxa7 Bb7 61. Ne5 Ke4 62. Bf3+ Kxd4 63. Bxb7 Kxe5 64. a8=Q g4+ 65. Kxg4 1-0


[Site "https://www.chess.com"]

[Event "Titled Tuesday Blitz January 03 Late 2023"]
[White "Leenhouts, Koen"]
[Black "benny_aizenberg"]
[WhiteFideId "1008439"]
[WhiteElo "2447"]
[BlackElo "2507"]
[Result "1/2-1/2"]
[Round "07"]
[TimeControl "180+2"]
[Date "2023.01.03"]
[WhiteClock "0:00:08"]
[BlackClock "0:00:19"]

1. e4 c5 2. Nf3 d6 3. c3 Nf6 4. h3 Nc6 5. Bd3 d5 6. exd5 Qxd5 7. Qe2 e6 8. O-O Be7 9. Na3 O-O 10. Bc2 b6 11. d3 Bb7 12. Nc4 Rfd8 13. Bg5 Rac8 14. Rad1 h6 15. Bf4 Qh5 16. Bg3 Nd5 17. Rfe1 b5 18. Nce5 Nxe5 19. Qxe5 Qxe5 20. Nxe5 b4 21. c4 Nb6 22. f4 Bf6 23. Bf2 Nd7 24. Ba4 Nxe5 25. fxe5 Be7 26. b3 h5 27. Kf1 h4 28. d4 cxd4 29. Bxd4 a6 30. Bb6 Rxd1 31. Rxd1 Bc5 32. Bxc5 Rxc5 33. Rd8+ Kh7 34. Rd7 Bc8 35. Rxf7 Rxe5 36. Rc7 Rf5+ 37. Ke2 Rf8 38. c5 e5 39. Bd7 Bxd7 40. Rxd7 Kg6 41. c6 Rc8 42. c7 Kf6 43. Ke3 g5 44. Ke4 Ke6 45. Rh7 Kd6 46. Rg7 a5 47. Kf5 Kd5 48. Rd7+ Kc6 49. Re7 Kd6 50. Rh7 Rf8+ 51. Kxg5 e4 52. c8=Q Rxc8 53. Kf4 Rc2 54. Kxe4 Rxg2 55. Rxh4 Rxa2 56. Rh5 a4 57. bxa4 Rxa4 58. Kd4 Ke6 59. h4 Kf6 60. Kc4 Kg6 61. Rg5+ Kh6 62. Kb3 Ra3+ 63. Kxb4 Rh3 64. Rb5 Rxh4+ 65. Kc5 Rh5+ 66. Kb6 Rxb5+ 67. Kxb5 1/2-1/2


[Site "https://www.chess.com"]

[Event "Titled Tuesday Blitz January 03 Late 2023"]
[White "Rodriguez Fontecha, Marcos"]
[Black "Kleinman, Michael"]
[WhiteFideId "2256576"]
[BlackFideId "2609479"]
[WhiteElo "2309"]
[BlackElo "2387"]
[Result "1-0"]
[Round "07"]
[TimeControl "180+2"]
[Date "2023.01.03"]
[WhiteClock "0:00:56"]
[BlackClock "0:00:04"]

1. b4 d5 2. g3 e5 3. Bb2 Bxb4 4. Bxe5 Nf6 5. Bg2 O-O 6. a3 Bc5 7. Nf3 Re8 8. O-O Nc6 9. Bb2 h6 10. e3 Bf5 11. d4 Bd6 12. Nbd2 Qd7 13. Re1 Na5 14. Ne5 Qa4 15. c4 Bc2 16. Qe2 Bxe5 17. dxe5 Ne4 18. cxd5 Nxd2 19. Qxd2 Nc4 20. Qd4 Nxe5 21. Rac1 Qxd4 22. exd4 Nc4 23. Rxe8+ Rxe8 24. Rxc2 Re1+ 25. Bf1 b5 26. Kg2 Nd6 27. Rxc7 Rb1 28. Bc1 Nf5 29. h4 Nxd4 30. d6 Ne6 31. d7 Kf8 32. Bf4 Ke7 33. Rxa7 Nxf4+ 34. gxf4 Rb3 35. d8=Q+ Kxd8 36. Rxf7 g5 37. fxg5 hxg5 38. h5 Rxa3 39. Bxb5 Ra5 40. h6 g4 41. h7 Rxb5 42. h8=Q# 1-0


[Site "https://www.chess.com"]

[Event "Titled Tuesday Blitz January 03 Late 2023"]
[White "Pein, Jonathan"]
[Black "Erzhanov, Arman"]
[WhiteFideId "417092"]
[BlackFideId "4138821"]
[WhiteElo "2265"]
[BlackElo "2228"]
[Result "1-0"]
[Round "07"]
[TimeControl "180+2"]
[Date "2023.01.03"]
[WhiteClock "0:00:34"]
[BlackClock "0:01:25"]

1. e4 d6 2. Nc3 Nf6 3. Nf3 e5 4. g3 Nbd7 5. Bg2 Be7 6. O-O O-O 7. d4 c6 8. h3 b5 9. d5 Bb7 10. dxc6 Bxc6 11. Re1 b4 12. Nd5 Bxd5 13. exd5 Nb6 14. Nh4 Rc8 15. Nf5 g6 16. Nxe7+ Qxe7 17. Bg5 Rfe8 18. Re3 Nbd7 19. Bf1 Kg7 20. Qd2 h6 21. Bxh6+ Kxh6 22. Rxe5+ Kg7 23. Rxe7 Rxe7 24. Qxb4 Nc5 25. c4 Nfd7 26. Qc3+ Kg8 27. b4 Ne4 28. Qd4 f5 29. Qxa7 Kf7 30. Qd4 Ne5 31. Kg2 Rb8 32. a3 Ra7 33. f3 Re7 34. fxe4 fxe4 35. Qxe4 Rbe8 36. Qf4+ Kg7 37. c5 Rf7 38. Qd4 Kg8 39. cxd6 Nd7 40. Bb5 Rc8 41. Ra2 Rc1 42. Qg4 Nf8 43. Re2 Rd1 44. d7 Rxd5 45. Bc4 1-0


[Site "https://www.chess.com"]

[Event "Titled Tuesday Blitz January 03 Late 2023"]
[White "Sos Andreu, Eric"]
[Black "Janaszak, Dawid"]
[WhiteFideId "22247017"]
[BlackFideId "1119206"]
[WhiteElo "2352"]
[BlackElo "2316"]
[Result "1-0"]
[Round "07"]
[TimeControl "180+2"]
[Date "2023.01.03"]
[WhiteClock "0:01:12"]
[BlackClock "0:00:01"]

1. Nf3 d5 2. c4 c6 3. e3 Nf6 4. b3 g6 5. Bb2 Bg7 6. Be2 O-O 7. O-O Bg4 8. d3 Bxf3 9. Bxf3 e6 10. Nd2 a5 11. a3 Nbd7 12. Qc2 Qb8 13. Rfe1 Rd8 14. Rac1 h5 15. g3 Ne8 16. d4 h4 17. e4 hxg3 18. hxg3 dxe4 19. Nxe4 Nd6 20. Kg2 Nxe4 21. Qxe4 c5 22. Rh1 cxd4 23. Bxd4 Bxd4 24. Qxd4 Qe5 25. Qh4 Qf6 26. Qh7+ Kf8 27. Rcd1 Ke7 28. Qh6 Rab8 29. Qe3 b6 30. Rd4 Nc5 31. Rf4 Qb2 32. Rh7 Rf8 33. b4 axb4 34. axb4 Nd7 35. Bg4 Ne5 36. Bh3 Rh8 37. Rfxf7+ Kd6 38. Rd7+ Kc6 39. b5+ 1-0


[Site "https://www.chess.com"]

[Event "Titled Tuesday Blitz January 03 Late 2023"]
[White "Lorenzo De La Riva, Lazaro"]
[Black "Mendez Fortes, Eduardo Jesus"]
[WhiteFideId "2268809"]
[BlackFideId "3502376"]
[WhiteElo "2404"]
[BlackElo "2250"]
[Result "0-1"]
[Round "07"]
[TimeControl "180+2"]
[Date "2023.01.03"]
[WhiteClock "0:00:17"]
[BlackClock "0:00:12"]

1. d4 Nf6 2. Bg5 d5 3. e3 c5 4. Nc3 e6 5. Nf3 Nc6 6. Bb5 Qb6 7. O-O a6 8. Bxc6+ Qxc6 9. Ne5 Qc7 10. f4 b5 11. Bxf6 gxf6 12. Ng4 Be7 13. Ne2 h5 14. Nf2 Bb7 15. c3 O-O-O 16. a4 c4 17. axb5 axb5 18. b4 Rdg8 19. Kh1 Rg7 20. Ra5 Qb6 21. Qa1 Qc6 22. Qb1 Rhg8 23. Rg1 Bd8 24. Ra2 Bc7 25. Qc2 Bb8 26. Nh3 Qd7 27. Ng3 h4 28. Nf1 e5 29. Qf2 Qg4 30. Nd2 e4 31. Raa1 Bc6 32. Ra6 Bd7 33. Rxf6 Qh5 34. Ng5 h3 35. g3 Bg4 36. Ra1 Rg6 37. Rxf7 Rc6 38. Rh7 Qg6 39. Ra5 Ra6 40. Rh4 Bd7 41. Rxa6 Qxa6 42. Qe1 Qa2 43. Kg1 Bc7 44. Nxh3 Kb7 45. Ng5 Qb2 46. Rh7 Ra8 47. Kf2 Ra1 48. Qe2 Rh1 49. Nf7 Qc1 50. Kg2 Qg1# 0-1


[Site "https://www.chess.com"]

[Event "Titled Tuesday Blitz January 03 Late 2023"]
[White "Bayo Milagro, Alvaro"]
[Black "Vovk, Orest"]
[WhiteFideId "22275240"]
[BlackFideId "14113490"]
[WhiteElo "2287"]
[BlackElo "2315"]
[Result "1-0"]
[Round "07"]
[TimeControl "180+2"]
[Date "2023.01.03"]
[WhiteClock "0:01:33"]
[BlackClock "0:01:31"]

1. d4 h6 2. e4 g5 3. Nc3 Bg7 4. h4 c5 5. dxc5 Bxc3+ 6. bxc3 Qa5 7. Qd4 Nf6 8. hxg5 Nc6 9. Qc4 Nxe4 10. Rxh6 Rg8 11. Nf3 Qxc3+ 12. Qxc3 Nxc3 13. Bb2 Ne4 14. Bd3 Nxc5 15. Bh7 Rf8 16. Bg7 d6 17. g6 Be6 18. Ng5 Kd7 19. Bxf8 Rxf8 20. g7 Rd8 21. Nxe6 Nxe6 22. g8=Q Rxg8 23. Bxg8 Ned4 24. O-O-O f6 25. Bd5 Nb5 26. Bxc6+ bxc6 27. Kb2 Nc7 28. g4 Ne6 29. Rh7 Ng5 30. Rh8 Nf7 31. Ra8 Ne5 32. Rxa7+ Ke6 33. Re1 Kd5 34. Rxe5+ 1-0


[Site "https://www.chess.com"]

[Event "Titled Tuesday Blitz January 03 Late 2023"]
[White "Andrews, Todd"]
[Black "Roberson, Peter T"]
[WhiteFideId "2012456"]
[BlackFideId "412384"]
[WhiteElo "2220"]
[BlackElo "2430"]
[Result "1-0"]
[Round "07"]
[TimeControl "180+2"]
[Date "2023.01.03"]
[WhiteClock "0:00:11"]
[BlackClock "0:00:02"]

1. e4 d6 2. d4 Nf6 3. Nc3 c6 4. Bg5 Qb6 5. Qd2 Qxb2 6. Rb1 Qa3 7. Bc4 e6 8. Nf3 Be7 9. O-O O-O 10. e5 dxe5 11. dxe5 Nd5 12. Ne4 Bxg5 13. Nfxg5 h6 14. Rb3 Qe7 15. Nf3 Nd7 16. Re1 Nc5 17. Nxc5 Qxc5 18. Bd3 b5 19. Re4 f5 20. exf6 Nxf6 21. Re5 Qe7 22. Nh4 Rd8 23. Ng6 Qf7 24. Qe2 Bb7 25. h4 Rd6 26. h5 Rad8 27. Nf4 Bc8 28. Bg6 Qf8 29. Rg3 Nd5 30. Nd3 Nf4 31. Nxf4 Qxf4 32. Bd3 Rd5 33. Re4 Qc1+ 34. Kh2 Rf8 35. Rh4 Rg5 36. Qe4 Rgf5 37. Qg4 R8f7 38. Qg6 Rxf2 39. Qh7+ Kf8 40. Qh8+ Ke7 41. Rxg7 Bd7 42. Rxf7+ Rxf7 43. Qxh6 Qg5 44. Qxg5+ Ke8 45. h6 1-0


[Site "https://www.chess.com"]

[Event "Titled Tuesday Blitz January 03 Late 2023"]
[White "Ortega Ruiz, Jose Miguel"]
[Black "Yurovskykh, Oleksandr"]
[WhiteFideId "2209713"]
[BlackFideId "14134020"]
[WhiteElo "2351"]
[BlackElo "2328"]
[Result "0-1"]
[Round "07"]
[TimeControl "180+2"]
[Date "2023.01.03"]
[WhiteClock "0:00:46"]
[BlackClock "0:00:40"]

1. g3 d5 2. Bg2 e5 3. d3 Nf6 4. a3 c5 5. Nd2 Nc6 6. e4 Be7 7. Ne2 d4 8. O-O h5 9. h4 Be6 10. Nf3 Ng4 11. c3 f6 12. b4 b6 13. bxc5 bxc5 14. cxd4 cxd4 15. Qa4 Qd7 16. Bd2 O-O 17. Rfc1 Rfc8 18. Rab1 Nd8 19. Rxc8 Rxc8 20. Qxd7 Bxd7 21. Bb4 Rb8 22. Rc1 Bxb4 23. axb4 Rxb4 24. Ra1 Nc6 25. Bf1 a5 26. Nc1 Kf8 27. Nd2 Be6 28. Be2 Rb2 29. Bxg4 hxg4 30. Nc4 Bxc4 31. dxc4 Rc2 32. Nb3 Rxc4 33. Nxa5 Nxa5 34. Rxa5 Rc1+ 35. Kg2 Re1 36. Ra7 Rxe4 37. Kf1 d3 38. Rd7 Rd4 39. Rxd4 exd4 40. Ke1 Ke7 41. Kd2 Ke6 42. Kxd3 Kd5 43. Ke2 Ke4 44. Kd2 Kf3 45. Ke1 d3 46. Kd2 Kxf2 47. Kxd3 Kxg3 48. h5 Kh4 49. h6 gxh6 50. Ke2 Kg5 51. Kf2 h5 52. Kg2 h4 53. Kh1 f5 54. Kg1 f4 55. Kh1 f3 56. Kg1 Kf4 57. Kh1 g3 58. Kg1 Kg4 59. Kh1 h3 60. Kg1 f2+ 61. Kf1 Kf4 62. Ke2 h2 0-1


[Site "https://www.chess.com"]

[Event "Titled Tuesday Blitz January 03 Late 2023"]
[White "Dudzinski, Pawel"]
[Black "Mei, Austin"]
[WhiteFideId "1117890"]
[BlackFideId "30948479"]
[WhiteElo "2186"]
[BlackElo "2218"]
[Result "0-1"]
[Round "07"]
[TimeControl "180+2"]
[Date "2023.01.03"]
[WhiteClock "0:00:03"]
[BlackClock "0:00:07"]

1. e4 e5 2. Nf3 Nc6 3. d4 exd4 4. Nxd4 Nf6 5. Nxc6 bxc6 6. e5 Qe7 7. Qe2 Nd5 8. c4 Ba6 9. b3 g5 10. Bb2 Bg7 11. Qd2 Bxe5 12. Bxe5 Qxe5+ 13. Qe2 Qxe2+ 14. Bxe2 Nf4 15. Bf3 O-O-O 16. Kd2 d5 17. c5 f5 18. g3 Ne6 19. b4 Nd4 20. Bg2 Rhe8 21. Nc3 Ne2 22. Bf1 d4 23. Nxe2 Re4 24. Nc1 d3 25. a3 Bc4 26. Bg2 Re6 27. Rd1 Re2+ 28. Nxe2 dxe2+ 29. Ke1 exd1=Q+ 30. Rxd1 Re8+ 31. Kd2 Re2+ 32. Kc3 Bb5 33. Rd2 Re1 34. h4 Rg1 35. f4 gxf4 36. gxf4 Re1 37. Kd4 Kd7 38. Kc3+ Ke6 39. Kb3 Re3+ 40. Kb2 Kf6 41. Rf2 Kg6 42. Bf3 Rd3 43. Rg2+ Kf6 44. Rf2 Rd4 45. Bg2 Kg6 46. Bf1 Kh5 47. Bxb5 cxb5 48. Rg2 Kxh4 49. Rg7 Rxf4 50. Rxh7+ Kg3 51. Rxc7 Rf2+ 52. Kc3 f4 53. Rxa7 f3 54. Rg7+ Kf4 55. Kd4 Rd2+ 56. Kc3 Ra2 57. Rf7+ Ke3 58. Kb3 Rd2 59. c6 Rd6 0-1


[Site "https://www.chess.com"]

[Event "Titled Tuesday Blitz January 03 Late 2023"]
[White "Martinez, Marcel"]
[Black "Novikova, Galina"]
[WhiteFideId "2016249"]
[BlackFideId "4157095"]
[WhiteElo "2402"]
[BlackElo "2073"]
[Result "0-1"]
[Round "07"]
[TimeControl "180+2"]
[Date "2023.01.03"]
[WhiteClock "0:00:59"]
[BlackClock "0:02:11"]

1. e4 e6 2. d4 d5 3. e5 c5 4. c3 Nc6 5. Nf3 Bd7 6. Be2 f6 7. O-O Qc7 8. Re1 O-O-O 9. Bd3 f5 10. Bg5 Re8 11. h4 h6 12. Be3 g5 13. hxg5 hxg5 14. Bxg5 Nh6 15. Nbd2 Ng4 16. Nf1 Rh1+ 17. Kxh1 Nxf2+ 18. Kg1 Nxd1 19. Raxd1 Be7 20. Bxe7 Nxe7 21. dxc5 Qxc5+ 22. Nd4 Nc6 23. b4 Qb6 24. Bc2 Nxd4 25. Rxd4 Kb8 26. Ne3 Rc8 27. Rd3 f4 0-1


[Site "https://www.chess.com"]

[Event "Titled Tuesday Blitz January 03 Late 2023"]
[White "Chernov, Mikhail"]
[Black "Berezin, Viktor"]
[WhiteFideId "24143170"]
[BlackFideId "14107872"]
[WhiteElo "2205"]
[BlackElo "2307"]
[Result "1-0"]
[Round "07"]
[TimeControl "180+2"]
[Date "2023.01.03"]
[WhiteClock "0:00:08"]
[BlackClock "0:00:07"]

1. e4 g6 2. d4 Bg7 3. Nc3 d6 4. Be3 Nf6 5. Qd2 O-O 6. O-O-O c6 7. f3 b5 8. Bh6 Qa5 9. Kb1 e5 10. dxe5 dxe5 11. h4 b4 12. Nce2 Be6 13. Nc1 Nbd7 14. h5 Rad8 15. hxg6 fxg6 16. Bxg7 Kxg7 17. Qh6+ Kg8 18. Nh3 Nb6 19. Rxd8 Rxd8 20. Ng5 Bxa2+ 21. Nxa2 b3 22. Nc3 Rd2 23. Bd3 bxc2+ 24. Bxc2 Rd7 25. Bb3+ Nbd5 26. exd5 cxd5 27. Ne6 Rf7 28. Qd2 Qb6 29. Ng5 Rb7 30. Bxd5+ Nxd5 31. Qxd5+ Kf8 32. Nxh7+ Ke8 33. Qg8+ Kd7 34. Rd1+ Kc6 35. Qd5+ Kc7 36. Qd8+ Kc6 37. Rd6+ Kc5 38. Rxb6 Rxb6 39. Qd3 Kb4 40. Nd5+ Kc5 41. Nxb6 axb6 42. Qxg6 b5 43. Qe4 b4 44. Nf6 Kb5 45. Qxe5+ Ka4 46. Qd4 1-0


[Site "https://www.chess.com"]

[Event "Titled Tuesday Blitz January 03 Late 2023"]
[White "Sai Han Thiha"]
[Black "Andreev, Eduard"]
[WhiteFideId "13012290"]
[BlackFideId "14103400"]
[WhiteElo "2070"]
[BlackElo "2413"]
[Result "1-0"]
[Round "07"]
[TimeControl "180+2"]
[Date "2023.01.03"]
[WhiteClock "0:00:06"]
[BlackClock "0:00:16"]

1. d4 Nf6 2. c4 g6 3. Nc3 d5 4. Nf3 Bg7 5. Qb3 dxc4 6. Qxc4 O-O 7. e4 Nc6 8. Be2 Bg4 9. Be3 Bxf3 10. gxf3 e5 11. d5 Na5 12. Qb4 c6 13. Rd1 cxd5 14. Nxd5 Nc6 15. Qxb7 Nxd5 16. Qxc6 Ne7 17. Qc5 Qe8 18. Qa3 Bf6 19. h4 h5 20. Bh6 Bg7 21. Bg5 f6 22. Be3 Qf7 23. Bc5 Rfe8 24. Rd7 Rac8 25. b3 Bf8 26. Bc4 Kg7 27. Bxf7 Kxf7 28. Bxe7 Bxe7 29. O-O Ke6 30. Qxa7 Rc2 31. Rfd1 f5 32. Qa6+ Kf7 33. Qd3 Rcc8 34. Qd5+ Kg7 35. Qxe5+ Kf8 36. Qh8+ Kf7 37. Qh7+ Kf6 38. e5+ Kxe5 39. Rxe7+ Rxe7 40. Qxe7+ Kf4 41. Qg7 Rc6 42. Qh6+ Kxf3 43. Qe3+ Kg4 44. Qg3# 1-0


[Site "https://www.chess.com"]